 Dungeon Crawl Stone Soup version 0.24.0-125-gc4c63601f3 (webtiles) character file.

Game seed: 8448520137537251393, levelgen mode: deterministic

194 Defined the Covered (level 5, 0/47 HPs)
             Began as a Gnoll Wanderer on Feb 22, 2020.
             Slain by an iguana (1 damage)
             ... on level 4 of the Dungeon.
             The game lasted 00:04:42 (2700 turns).

Defined the Covered (Gnoll Wanderer)                Turns: 2700, Time: 00:04:42

Health: 0/47       AC:  6    Str: 14    XL:     5   Next: 73%
Magic:  7/7        EV: 11    Int: 13    God:
Gold:   131        SH:  0    Dex: 17    Spells: 7/7 levels left

rFire    . . .     SeeInvis .   a - +2 falchion
rCold    . . .     Gourm    .   (no shield)
rNeg     . . .     Faith    .   h - +0 ring mail
rPois    .         Spirit   .   (no helmet)
rElec    .         Reflect  .   (no cloak)
rCorr    .         Harm     .   (no gloves)
MR       .....                  (no boots)
Stlth    ++........             (no amulet)
HPRegen  0.15/turn              (no ring)
MPRegen  0.10/turn              (no ring)

@: no status effects
A: distributed training, fangs 1, strong nose
a: no special abilities


You were on level 4 of the Dungeon.
You were not hungry.

You visited 1 branch of the dungeon, and saw 4 of its levels.

You collected 131 gold pieces.

Inventory:

Hand Weapons
 a - a +2 falchion (weapon)
Armour
 h - a +0 ring mail (worn)
Wands
 u - a wand of acid (9)
 v - a wand of enslavement (9)
Scrolls
 e - 3 scrolls of noise {unknown}
 f - a scroll of blinking {unknown}
 g - 5 scrolls of identify {unknown}
 i - a scroll of enchant weapon {unknown}
 j - 2 scrolls of teleportation {unknown}
 k - a scroll of enchant armour {unknown}
 l - 3 scrolls of magic mapping {unknown}
 m - 2 scrolls of remove curse {unknown}
 o - a scroll of random uselessness {unknown}
 t - a scroll of fog {unknown}
Potions
 b - 5 potions of curing
 c - a potion of mutation {unknown}
 n - a potion of agility {unknown}
 p - a potion of degeneration {unknown}
 q - 2 potions of ambrosia {unknown}
 r - a potion of invisibility {unknown}
Comestibles
 d - 7 rations


   Skills:
 + Level 6.7 Fighting
 + Level 1.6 Short Blades
 + Level 4.8 Long Blades
 + Level 1.6 Axes
 + Level 1.6 Maces & Flails
 + Level 1.6 Polearms
 + Level 1.6 Staves
 + Level 1.6 Slings
 + Level 1.6 Bows
 + Level 1.6 Crossbows
 + Level 1.6 Throwing
 + Level 6.7 Armour
 + Level 1.6 Dodging
 + Level 2.8 Stealth
 + Level 1.6 Shields
 + Level 1.6 Unarmed Combat
 + Level 1.6 Spellcasting
 + Level 1.2 Conjurations
 + Level 1.2 Hexes
 + Level 1.2 Charms
 + Level 1.2 Summonings
 + Level 1.2 Necromancy
 + Level 1.2 Translocations
 + Level 1.2 Transmutations
 + Level 1.2 Fire Magic
 + Level 1.2 Ice Magic
 + Level 1.2 Air Magic
 + Level 1.2 Earth Magic
 + Level 1.2 Poison Magic
 + Level 1.8 Invocations
 + Level 3.0 Evocations


You had 7 spell levels left.
You didn't know any spells.
Your spell library was empty.

Dungeon Overview and Level Annotations

Branches:
Dungeon (4/15)
 Temple: D:4-7

Altars:
Dithmenos
Kikubaaqudgha
Wu Jian


Innate Abilities, Weirdness & Mutations

Your experience applies equally to all skills.
You have very sharp teeth.
Your uncanny sense of smell can sniff out nearby items.


Message History

The bullfrog skeleton is heavily damaged.
The bullfrog skeleton barely misses you.
The iguana closely misses you.
You hit the bullfrog skeleton. You bite the bullfrog skeleton.
The bullfrog skeleton is severely damaged.
The bullfrog skeleton misses you. The iguana bites you!
* * * LOW HITPOINT WARNING * * *
The bullfrog skeleton hits you.
* * * LOW HITPOINT WARNING * * *
The iguana closely misses you.
You hit the bullfrog skeleton but do no damage.
The bullfrog skeleton is severely damaged.
The bullfrog skeleton hits you.
* * * LOW HITPOINT WARNING * * *
The iguana bites you.
* * * LOW HITPOINT WARNING * * *
The bullfrog skeleton hits you.
* * * LOW HITPOINT WARNING * * *
The iguana bites you.
You die...

###......#..
...........
...........
##........ ..
#........# .#
#........###.##
.......l#.#...##
# #..Z@.#....#.#
###..$.......
..#.##..?...##
.............#
...#.#.......##..
###... #
###.........
.#.....##
#....#.....
........#
#..####.#..
........# #..#
..# .


You could see an iguana and a bullfrog skeleton.

Vanquished Creatures
  An iguana (D:3)
  4 gnolls
  4 adders
  3 oozes
  An adder skeleton (D:4)
  A worm (D:2)
  2 leopard geckos
  An orc (D:3)
  10 bats
  2 giant cockroaches
  5 goblins
  12 hobgoblins
  4 jackals (D:1)
  4 quokkas
  A ball python (D:3)
  7 frilled lizards
  7 kobolds
  7 rats
76 creatures vanquished.

Notes
Turn   | Place    | Note
-------+----------+-------------------------------------------
     0 | D:1      | Defined the Gnoll Wanderer began the quest for the Orb.
     0 | D:1      | Defined set off with the following items: a +2 falchion, 2
                  | potions of curing, a +0 robe, a ration
     0 | D:1      | Reached XP level 1. HP: 23/23 MP: 2/2
    59 | D:1      | Reached XP level 2. HP: 5/29 MP: 3/3
   441 | D:1      | Reached XP level 3. HP: 25/35 MP: 4/4
  1029 | D:2      | Reached skill level 1 in Invocations
  1139 | D:2      | Reached skill level 1 in Short Blades
  1139 | D:2      | Reached skill level 1 in Axes
  1139 | D:2      | Reached skill level 1 in Maces & Flails
  1139 | D:2      | Reached skill level 1 in Polearms
  1139 | D:2      | Reached skill level 1 in Staves
  1139 | D:2      | Reached skill level 1 in Slings
  1139 | D:2      | Reached skill level 1 in Bows
  1139 | D:2      | Reached skill level 1 in Crossbows
  1139 | D:2      | Reached skill level 1 in Throwing
  1139 | D:2      | Reached skill level 1 in Dodging
  1139 | D:2      | Reached skill level 1 in Shields
  1139 | D:2      | Reached skill level 1 in Unarmed Combat
  1139 | D:2      | Reached skill level 1 in Spellcasting
  1163 | D:2      | Reached XP level 4. HP: 31/41 MP: 6/6
  1283 | D:2      | Found an ornate altar of the Wu Jian Council.
  1299 | D:2      | Found an ancient bone altar of Kikubaaqudgha.
  1719 | D:3      | Reached skill level 1 in Conjurations
  1719 | D:3      | Reached skill level 1 in Hexes
  1719 | D:3      | Reached skill level 1 in Charms
  1719 | D:3      | Reached skill level 1 in Summonings
  1719 | D:3      | Reached skill level 1 in Necromancy
  1719 | D:3      | Reached skill level 1 in Translocations
  1719 | D:3      | Reached skill level 1 in Transmutations
  1719 | D:3      | Reached skill level 1 in Fire Magic
  1719 | D:3      | Reached skill level 1 in Ice Magic
  1719 | D:3      | Reached skill level 1 in Air Magic
  1719 | D:3      | Reached skill level 1 in Earth Magic
  1719 | D:3      | Reached skill level 1 in Poison Magic
  1761 | D:3      | Found a shadowy altar of Dithmenos.
  1889 | D:3      | Reached XP level 5. HP: 45/47 MP: 7/7
  2700 | D:4      | HP: 1/47 [bullfrog skeleton (2)]
  2700 | D:4      | Slain by an iguana

Levels and vault maps discovered:
D:1:      onia_arrival_pyramid, layout_basic
D:2:      layout_rooms, nicolae_overflow_hidden_temple, old_standard_altar
D:3:      layout_rooms, nicolae_overflow_crystal_walls, serial_glass,
          glass_columns_a, glass_columns_b, glass_columns_c, glass_columns_b,
          glass_columns_c, glass_columns_a, glass_columns_b, glass_columns_b,
          glass_columns_b, glass_columns_b, corexii_hall_statues_i,
          dk_noncrumbling_4, kennysheep_generic_room_5
D:4:      layout_cave_pools, minitemple, first_ration,
          corexii_item_surrounded_by_moat

Skill      XL: |  1  2  3  4  5 |
---------------+----------------+-----
Invocations    | 1 |  1.8
Short Blades   | 1 |  1.6
Axes           | 1 |  1.6
Maces & Flails | 1 |  1.6
Polearms       | 1 |  1.6
Staves         | 1 |  1.6
Slings         | 1 |  1.6
Bows           | 1 |  1.6
Crossbows      | 1 |  1.6
Throwing       | 1 |  1.6
Dodging        | 1 |  1.6
Shields        | 1 |  1.6
Unarmed Combat | 1 |  1.6
Spellcasting   | 1 |  1.6
Conjurations   | 1 |  1.2
Hexes          | 1 |  1.2
Charms         | 1 |  1.2
Summonings     | 1 |  1.2
Necromancy     | 1 |  1.2
Translocations | 1 |  1.2
Transmutations | 1 |  1.2
Fire Magic     | 1 |  1.2
Ice Magic      | 1 |  1.2
Air Magic      | 1 |  1.2
Earth Magic    | 1 |  1.2
Poison Magic   | 1 |  1.2
Evocations     | 3 |  3.0
Fighting       | |  6.7
Long Blades    | |  4.8
Armour         | |  6.7
Stealth        | |  2.8

Action                   |  1- 3 |  4- 6 || total
-------------------------+-------+-------++-------
Melee: Falchion          |    79 |    97 ||   176
       Bite              |    11 |    15 ||    26
 Stab: Sleeping          |     2 |     2 ||     4
  Eat: Chunk             |     1 |     5 ||     6
Armor: Robe              |     5 |       ||     5
       Ring mail         |    19 |    34 ||    53
Dodge: Dodged            |    56 |    85 ||   141
       Rpst.: Falchion   |    25 |    23 ||    48
